Map: Вечная империя РВ

Players

immOrTaL - Winner!

  • Race: Zerg Zerg
  • League: Platinum
  • Spawn Location: 1:00

LoliChan

  • Race: Terran Terran
  • League: Platinum
  • Spawn Location: 7:00

VOD

Have the link to the VOD?

Description

Time

  • Played on: March 27, 2020, 1:12 p.m.
  • Length: 13:02
Show
View Real Time Build Order
Export as new Build Order

immOrTaL Zerg - Winner!

Build Orders: Hatch First 

Get SALT Encoding   

  12  0:02  Drone  
  13  0:12  Overlord  
  13  0:20  Drone  
  14  0:33  Drone x2  
  16  0:51  Hatchery  
  16  0:53  Drone  
  16  0:56  Drone  
  17  1:00  Drone  
  17  1:04  Extractor  
  17  1:17  Spawning Pool  
  16  1:20  Drone  
  16  1:23  Drone  
  18  1:31  Drone  
  19  1:39  Overlord  
  19  1:54  Drone  
  20  2:04  Drone x2  
  20  2:05  Queen x2  
  26  2:11  Zergling x2  
  26  2:14  Zergling x2  
  28  2:19  Metabolic Boost  
  28  2:48  Drone  
  28  2:49  Drone x5  
  34  3:05  Hatchery, Overlord  
  33  3:17  Evolution Chamber  
  33  3:18  Overlord  
  32  3:21  Evolution Chamber  
  31  3:32  Drone  
  31  3:33  Drone x4  
  36  3:41  Drone  
  36  3:42  Drone x3  
  36  3:44  Pneumatized Carapace  
  40  3:53  Zerg Melee Weapons Level 1  
  40  3:56  Baneling Nest  
  40  4:02  Overlord x2  
  39  4:09  Overlord  
  39  4:17  Zergling x2  
  39  4:18  Zergling x4  
  39  4:20  Overlord x2  
  39  4:22  Zergling x6  
  45  4:31  Queen  
  47  4:42  Baneling x3  
  47  4:49  Drone x12  
  59  4:53  Zergling x2  
  60  5:01  Zergling x6  
  64  5:21  Zergling x4  
  64  5:22  Zergling x12  
  64  5:27  Lair  
  71  5:35  Zergling x2  
  72  5:36  Zergling x6  
  75  5:45  Overlord x2  
  75  5:49  Zerg Ground Armor Level 1  
  73  6:11  Zergling x28  
  76  6:37  Extractor  
  75  6:40  Extractor  
  75  6:41  Centrifical Hooks, Extractor  
  75  6:43  Queen  
  75  6:44  Drone x8  
  75  6:45  Drone  
  84  6:54  Queen  
  84  6:57  Baneling  
  84  6:58  Baneling  
  84  6:59  Overlord x2  
  86  7:08  Drone x4  
  90  7:14  Overlord  
  90  7:22  Zergling x12  
  96  7:26  Extractor x2  
  94  7:31  Spire  
  93  7:39  Spore Crawler  
  93  7:42  Spore Crawler  
  93  7:43  Spore Crawler  
  70  8:01  Zergling x2  
  70  8:02  Zergling x24  
  64  8:11  Zergling x2  
  61  8:16  Zergling x4  
  61  8:20  Baneling x2  
  61  8:21  Baneling x6  
  61  8:22  Baneling x5  
  58  8:32  Zergling x2  
  58  8:33  Zergling x10  
  55  8:48  Zergling x4  
  55  8:49  Zergling x8  
  55  8:52  Drone  
  55  8:53  Drone  
  63  9:08  Zergling x2  
  63  9:09  Zergling x8  
  68  9:19  Drone x3  
  71  9:34  Hatchery  
  70  9:38  Drone  
  70  9:39  Drone x6  
  77  9:48  Queen  
  77  9:49  Corruptor x2  
  77  9:50  Corruptor x2  
  87  10:02  Zergling x8  
  89  10:15  Zerg Ground Armor Level 2  
  89  10:26  Zergling x2  
  89  10:27  Zergling x18  
  99  10:36  Zergling x2  
  99  10:37  Zergling x2  
  101  10:47  Hatchery  
  100  10:58  Baneling x3  
  100  10:59  Baneling x4  
  100  11:00  Zergling x2  
  100  11:01  Zergling x16  
  109  11:10  Mutalisk x5  
  119  11:12  Overlord x2  
  119  11:13  Overlord  
  97  11:42  Zergling x12  
  97  11:43  Zergling x14  
  97  11:46  Corruptor  
  110  11:47  Corruptor  
  114  11:57  Corruptor x4  
  118  12:08  Corruptor  
  118  12:09  Corruptor x3  
  118  12:13  Zergling x10  
Show
View Real Time Build Order
Export as new Build Order

LoliChan Terran 

Build Orders: 2 Factory 

Get SALT Encoding   

  12  0:03  SCV  
  13  0:15  SCV  
  14  0:24  Supply Depot  
  14  0:27  SCV  
  15  0:28  Refinery  
  15  0:46  SCV  
  15  0:47  Barracks  
  16  0:58  SCV  
  17  1:10  SCV  
  18  1:17  Refinery  
  18  1:22  SCV  
  19  1:34  SCV  
  19  1:35  Factory  
  20  1:44  Barracks Tech Lab  
  21  1:49  Orbital Command  
  20  2:04  Stimpack  
  20  2:06  Barracks  
  20  2:24  Factory  
  20  2:29  Marine  
  21  2:38  SCV  
  22  2:47  Marine  
  22  2:49  Starport  
  23  2:56  Supply Depot  
  23  3:04  Barracks Tech Lab  
  23  3:21  Command Center  
  23  3:29  Factory Reactor  
  23  3:31  Factory Reactor  
  23  3:37  Marine  
  24  3:41  Concussive Shells  
  24  3:51  Combat Shield  
  24  4:11  Marine x2  
  24  4:15  Supply Depot  
  24  4:16  SCV  
  27  4:19  Medivac  
  27  4:20  Medivac  
  27  4:24  Factory Tech Lab  
  31  4:33  Marauder  
  33  4:38  Orbital Command  
  35  4:45  Marine  
  35  4:46  Hellion  
  35  4:50  Hellion  
  38  4:58  Marauder  
  38  4:59  Hellion  
  42  5:03  Infernal Pre-Igniter  
  42  5:07  SCV  
  42  5:14  Marine  
  44  5:17  Hellion  
  44  5:18  Marine  
  47  5:22  SCV x2  
  49  5:34  SCV x2  
  51  5:41  Supply Depot  
  51  5:46  SCV x2  
  53  5:58  SCV  
  53  6:02  SCV, Supply Depot  
  53  6:03  Armory  
  55  6:10  SCV  
  45  6:15  SCV  
  46  6:22  SCV  
  46  6:23  Hellion x2  
  46  6:24  Hellion  
  53  6:27  SCV  
  53  6:30  Marauder  
  56  6:34  SCV  
  56  6:38  Medivac  
  56  6:39  SCV, Medivac  
  62  6:45  Hellion x2  
  62  6:46  Hellion  
  68  6:49  Marauder  
  68  6:53  Supply Depot  
  70  6:54  Hellion x3  
  72  7:15  Marauder  
  72  7:24  Smart Servos  
  72  7:26  SCV x2  
  72  7:29  Refinery x2  
  74  7:38  Marauder x2  
  74  7:42  Supply Depot x2  
  74  7:43  Supply Depot  
  78  7:48  Hellion x4  
  78  7:56  SCV x2  
  75  7:59  Marine, Marauder  
  74  8:08  SCV  
  73  8:17  Marine  
  70  8:20  Marine  
  70  8:23  Factory  
  70  8:25  Factory  
  65  8:34  Marine, Hellion x3  
  65  8:37  Command Center  
  65  8:38  Marine  
  71  8:44  Command Center  
  63  8:55  Hellion  
  63  9:03  Fusion Core  
  63  9:04  Starport  
  63  9:06  Starport  
  63  9:18  Engineering Bay, Terran Vehicle Weapons Level 1  
  63  9:19  Engineering Bay  
  63  9:21  Marine x2  
  63  9:22  Armory  
  65  9:25  Factory Tech Lab  
  65  9:28  Factory Tech Lab  
  65  9:39  Marine x2  
  65  9:43  Starport Tech Lab x2  
  67  9:57  Marine x2  
  69  10:02  Battlecruiser x2  
  81  10:10  Planetary Fortress  
  81  10:20  Planetary Fortress  
  81  10:30  SCV x2  
  83  10:35  Hi-Sec Auto Tracking  
  83  10:42  SCV  
  83  10:43  SCV  
  85  10:50  Weapon Refit  
  85  10:53  Terran Ship Weapons Level 1  
  85  10:55  SCV x2  
  87  11:07  SCV x2  
  87  11:10  SCV x2  
  91  11:19  SCV x2  
  91  11:22  SCV  
  91  11:23  SCV  
  95  11:31  SCV x2  
  89  11:34  SCV  
  89  11:35  SCV  
  74  11:40  Thor x2  
  74  11:43  SCV x2  
  74  11:46  SCV  
  90  11:47  SCV  
  90  11:48  Refinery  
  90  11:49  Refinery  
  90  11:50  Refinery  
  90  11:55  SCV x2  
  90  11:58  SCV  
  90  11:59  SCV  
  94  12:06  Supply Depot  
  94  12:07  SCV x2, Refinery, Supply Depot  
  90  12:10  Viking x2  
  90  12:11  Viking  
  88  12:37  Command Center  
Tags
 
Add a new tag
Caveats
  • Supply blocks, unpowered buildings, or Contaminate may cause inaccurate times.
  • Supply counts are checked every 10 seconds.